 Seeded DCSS version 0.29-a0-231-g945431f764 (webtiles) character file.

Game seed: 684492102606385270 (custom seed)

3436 mcwallace the Geomancer (level 10, -1/114 HPs)
             Began as a Formicid Earth Elementalist on Mar 1, 2022.
             Was an Initiate of Gozag.
             Shot with a sling bullet by a centaur (9 damage)
             ... on level 8 of the Dungeon.
             The game lasted 00:19:08 (8594 turns).

mcwallace the Geomancer (FoEE)                      Turns: 8594, Time: 00:19:08

Health: -1/114     AC: 25    Str: 12    XL:     10   Next: 25%
Magic:  6/27       EV:  2    Int: 20    God:    Gozag
Gold:   552        SH:  0    Dex: 13    Spells: 9/19 levels left

rFire   . . .      SeeInvis .   E - +7 mace "Hydrabane" {distort, Dex+2, mace}
rCold   . . .      Faith    .   (no shield)
rNeg    . . .      Spirit   .   (body armour currently unavailable)
rPois   +          Reflect  .   (helmet unavailable)
rElec   .          Harm     .   (cloak currently unavailable)
rCorr   .          Rampage  .   (gloves currently unavailable)
Will    +....                   (boots currently unavailable)
Stlth   ++........              (no amulet)
HPRegen 0.29/turn               w - ring of magical power
MPRegen 0.20/turn               (no ring)

@: tree-form
A: stationary, stasis, torment immunity, boosted hp, permanent stasis, dig
shafts and tunnels, (antennae 3), four strong arms
a: Renounce Religion, Potion Petition, Call Merchant, Bribe Branch


You were on level 8 of the Dungeon.
You worshipped Gozag.
Gozag was pleased with you.
You were a tree.
You visited 2 branches of the dungeon, and saw 9 of its levels.

You collected 606 gold pieces.
You paid 54 gold pieces to Gozag.


Innate Abilities, Weirdness & Mutations

You are a tree.
Your roots penetrate the ground, keeping you stationary.
You cannot be teleported.
You are immune to unholy pain and torment.
Your maximum health is greatly increased.
Your equipment is partially melded.
You cannot be hasted, slowed, berserked, paralysed or teleported.
You can dig through walls and to a lower floor.
((You have a pair of large antennae on your head. (SInv)))
Your four strong arms can wield two-handed weapons with a shield.


   Skills:
 + Level 6.2 Fighting
 + Level 2.8 Maces & Flails
 + Level 3.1 Armour
 + Level 5.6 Dodging
 - Level 2.4 Stealth
 - Level 5.4 Spellcasting
 + Level 6.5 Transmutations
 + Level 8.0 Earth Magic
 + Level 3.1 Evocations


You had 9 spell levels left.
You knew the following spells:

 Your Spells              Type           Power      Damage    Failure   Level
a - Sandblast             Erth           74%        2d16      1%          1
b - Passwall              Tmut/Erth      28%        N/A       1%          2
c - Petrify               Tmut/Erth      34%        N/A       5%          4
d - Stone Arrow           Conj/Erth      42%        3d9       6%          3

Your spell library contained the following spells:

 Spells                   Type           Power      Damage    Failure   Level
 Ensorcelled Hibernation  Hex/Ice        10%        N/A       17%         2
 Scorch                   Fire           10%        2d6       17%         2
 Dazzling Flash           Conj/Hex       10%        N/A       32%         3
 Flame Wave               Conj/Fire      5%         2d5       73%         4
 Agony                    Necr           5%         N/A       97%         5
 Silence                  Hex/Air        2%         N/A       97%         5
 Summon Cactus Giant      Summ           2%         N/A       100%        6
 Swiftness                Air            Unusable   N/A       N/A         3

Inventory:

Hand Weapons
 f - a +0 dagger {short}
   (You found it on level 1 of the Dungeon)
 q - a +2 antimagic dagger {short}
   (You took it off Jessica on level 2 of the Dungeon)
 E - the +7 mace "Hydrabane" (weapon) {distort, Dex+2, mace}
   (You took it off Robin on level 3 of the Dungeon)

   It warps and distorts space around it, and may blink, banish, or inflict
   extra damage upon those it strikes.
   Unwielding it can cause banishment or high damage.
   Dex:       It affects your dexterity (+2).
 H - a +2 dagger of protection {short}
   (You took it off a goblin on level 3 of the Dungeon)
Missiles
 a - 43 stones {throwing}
 o - 12 poisoned darts {throwing}
 R - 6 boomerangs {throwing}
Armour
 b - a +0 robe (melded)
 p - a +0 pair of boots (melded)
   (You found it on level 2 of the Dungeon)
 r - the +0 cloak of the Skies Above {+Blink MP-9 Int+9 SInv}
   (You found it on level 6 of the Dungeon)

   Int:       It affects your intelligence (+9).
   MP:        It affects your magic capacity (-9).
   SInv:      It lets you see invisible.
   +Blink:    It lets you blink.
 A - a +0 scale mail
   (You took it off an orc on level 3 of the Dungeon)
 B - a +0 ring mail
   (You took it off an orc on level 3 of the Dungeon)
 F - a +0 animal skin
   (You took it off Robin on level 3 of the Dungeon)
 M - an orb of energy
   (You found it on level 7 of the Dungeon)
 N - a +0 scale mail
   (You found it on level 4 of the Dungeon)
 Q - a +0 cloak (melded)
   (You found it on level 5 of the Dungeon)
 U - a +0 plate armour
   (You found it on level 5 of the Dungeon)
 V - a +0 ring mail
   (You found it on level 5 of the Dungeon)
 W - a +0 robe
   (You found it on level 5 of the Dungeon)
 Y - a +0 scale mail
   (You took it off an orc on level 5 of the Dungeon)
 Z - a +0 ring mail
   (You took it off an orc priest on level 5 of the Dungeon)
Jewellery
 w - a ring of magical power (left branch)
   (You found it on level 7 of the Dungeon)
Wands
 d - a wand of acid (5)
   (You found it on level 6 of the Dungeon)
 y - a wand of digging (1)
   (You took it off Ijyb on level 3 of the Dungeon)
 G - a wand of flame (8)
   (You took it off Robin on level 3 of the Dungeon)
Scrolls
 c - a scroll of holy word {unknown}
 e - a scroll of magic mapping {unknown}
 h - a scroll of summoning {unknown}
 j - 4 scrolls of teleportation {@r4}
 k - 4 scrolls of fear {unknown}
 l - 2 scrolls of enchant weapon {unknown}
 n - a scroll of vulnerability {unknown}
 s - a scroll of amnesia {unknown}
 t - a scroll of fog {unknown}
 D - a scroll of immolation {unknown}
 P - a scroll of torment {unknown}
 S - a scroll of noise {unknown}
 T - a scroll of blinking {unknown}
 X - a scroll of enchant armour {unknown}
Potions
 g - a potion of resistance
 i - 3 potions of mutation {!q}
 m - 3 potions of haste {@q3}
 u - a potion of degeneration {!q@e2}
 v - a potion of berserk rage {unknown}
 x - a potion of might {unknown}
 C - a potion of flight {unknown}
 I - a potion of lignification {!q}
 J - a potion of attraction {!q}
 K - 2 potions of invisibility {unknown}
 L - 2 potions of brilliance {unknown}
 O - a potion of heal wounds {unknown}

Dungeon Overview and Level Annotations

Branches:
Dungeon (8/15)             Temple (1/1) D:4
   Lair: D:8-11

Altars:
Ashenzari
Cheibriados
Elyvilon
Fedhas
Gozag
Hepliaklqana
Kikubaaqudgha
Makhleb
Nemelex Xobeh
Qazlal
Ru
Sif Muna
Trog
Vehumet
Yredelemnul
Zin
The Shining One

Shops:
D:2 *

Annotations:
Abyss:1 Maggie

...≈≈..........##.....
........##......# .....
...<....###..c..##.....#
####...###.............#
# ##..###.#........[..#
# #<.............{O..# #
#....####...........# #
##.### #....$$#.....#
####..# ###.....♣......#
.#....###.##...).##.....
.##.####........## ....
.....###..<....#. #
......#..#........ $
###$....$...###....
#....#####..# #.#.
#....# #......# ......#
.....


You could see a two-headed ogre (petrified) and a centaur (petrifying).


Message History

The orc hits you but does no damage. 😱 MP[-3]
You lost 3 mp, and now have 20/27 mp.
Casting: Stone Arrow (mildly dangerous; 7% risk of failure)
Confirm with . or Enter, or press ? or * to list all spells.
Aiming: Stone Arrow (mildly dangerous; 7% risk of failure)
Press: ? - help, Shift-Dir - straight line, f/p - hornet
Aim: a hornet (severely wounded, 57% to hit)
The stone arrow hits the water moccasin!
The water moccasin bites you but does no damage.
The orc hits you but does no damage. The water moccasin bites you.
* * * LOW HITPOINT WARNING * * *
😱 HP[-2] MP[-2]
You take 2 damage, and now have 12/114 hp.
You lost 2 mp, and now have 18/27 mp.
Casting: Stone Arrow (mildly dangerous; 7% risk of failure)
Confirm with . or Enter, or press ? or * to list all spells.
Aiming: Stone Arrow (mildly dangerous; 7% risk of failure)
Press: ? - help, Shift-Dir - straight line, f/p - hornet
Aim: a hornet (severely wounded, 57% to hit)
The stone arrow hits the water moccasin!
You kill the water moccasin!
The orc hits you but does no damage.
The hornet stings you but does no damage. 😱 HP[+1] MP[-3]
You lost 3 mp, and now have 15/27 mp.
Casting: Stone Arrow (mildly dangerous; 6% risk of failure)
Confirm with . or Enter, or press ? or * to list all spells.
Aiming: Stone Arrow (mildly dangerous; 6% risk of failure)
Press: ? - help, Shift-Dir - straight line, f/p - hornet
Aim: a hornet (severely wounded, 57% to hit)
The stone arrow hits the hornet!!
You kill the hornet!
The orc hits you but does no damage.
Your Armour skill increases to level 3!
Your Earth Magic skill increases to level 8!
Your Evocations skill increases to level 3! 😱 MP[-3]
You lost 3 mp, and now have 12/27 mp.
You sock the orc!
You kill the orc!
You start resting.
Your magical contamination has completely faded away. 😱 HP[+1] MP[+1]
You start resting.
A two-headed ogre comes into view.
It is wielding two +0 dire flails. 😱 HP[+4] MP[+3]
You regained 4 hp, and now have 18/114 hp.
You regained 3 mp, and now have 16/27 mp.
You cannot move.
You cannot move.
You cannot move.
You cannot move. 😱 HP[+1]
The two-headed ogre shouts in stereo!
Okay, then.
Casting: Stone Arrow (mildly dangerous; 6% risk of failure)
Confirm with . or Enter, or press ? or * to list all spells.
Aiming: Petrify (dangerous; 5% risk of failure)
Press: ? - help, Shift-Dir - straight line, f - two-headed ogre
Aim: a two-headed ogre, wielding two +0 dire flails (chance to affect: 45%)
The two-headed ogre is moving more slowly.
A centaur comes into view.
It is wielding a +0 hunting sling. 😱 HP[+1] MP[-3]
You lost 3 mp, and now have 13/27 mp.
Casting: Petrify (dangerous; 5% risk of failure)
Confirm with . or Enter, or press ? or * to list all spells.
Aiming: Petrify (dangerous; 5% risk of failure)
Press: ? - help, Shift-Dir - straight line, f - centaur
Aim: a centaur, wielding a +0 hunting sling (wandering, hasn't noticed you, chance to affect: 62%)
The centaur shouts!
The centaur resists with significant effort.
The centaur shoots a sling bullet.
The sling bullet hits you but does no damage.
The centaur shoots a sling bullet.
The sling bullet hits you but does no damage. 😱 MP[-4]
You lost 4 mp, and now have 9/27 mp.
Casting: Petrify (dangerous; 5% risk of failure)
Confirm with . or Enter, or press ? or * to list all spells.
Aiming: Petrify (dangerous; 5% risk of failure)
Press: ? - help, Shift-Dir - straight line, f/p - centaur
Aim: a centaur, wielding a +0 hunting sling (chance to affect: 62%)
The centaur is moving more slowly.
The centaur shoots a sling bullet.
The sling bullet hits you!
* * * LOW HITPOINT WARNING * * *
😱 HP[-9] MP[-4]
You take 9 damage, and now have 11/114 hp.
You lost 4 mp, and now have 5/27 mp.
The two-headed ogre stops moving altogether!
The centaur shoots a sling bullet.
The sling bullet hits you but does no damage.
The centaur shoots a sling bullet.
The sling bullet barely misses you. 😱 HP[+1]
The centaur shoots a sling bullet.
The sling bullet barely misses you.
The centaur shoots a sling bullet.
The sling bullet hits you.
* * * LOW HITPOINT WARNING * * *
The centaur shoots a sling bullet.
The sling bullet hits you!
You die...
Your body crumbles into a pile of gold.

Skill      XL: |  1  2  3  4  5  6  7  8  9 10 |
---------------+-------------------------------+-----
Dodging        | 2 3 4 5 |  5.6
Fighting       | 1 2 3 4 5 6 |  6.2
Earth Magic    | 4 5 6 7 8 |  8.0
Transmutations | 2 3 5 6 |  6.5
Spellcasting   | 3 4 5 |  5.4
Armour         | 2 3 |  3.1
Evocations     | 2 3 |  3.1
Maces & Flails | 2 |  2.8
Stealth        | |  2.4

Action                   |  1- 3 |  4- 6 |  7- 9 | 10-12 || total
-------------------------+-------+-------+-------+-------++-------
Melee: Unarmed           |     5 |       |       |       ||     5
       Dagger            |     2 |    93 |       |       ||    95
       Mace              |       |     3 |   111 |    20 ||   134
       Punch             |       |     2 |     2 |       ||     4
 Cast: Sandblast         |    22 |    38 |     9 |       ||    69
       Petrify           |       |       |     3 |     5 ||     8
       Stone Arrow       |       |       |       |     3 ||     3
Evoke: Wand              |       |    15 |       |     2 ||    17
  Use: Scroll            |       |     6 |     2 |       ||     8
       Potion            |       |     1 |       |     2 ||     3
 Stab: Paralysed         |       |    19 |       |       ||    19
       Sleeping          |       |     2 |     2 |       ||     4
       Petrifying        |       |       |     1 |       ||     1
       Petrified         |       |       |       |     3 ||     3
Armor: Robe              |     2 |    11 |    22 |     2 ||    37
       Skin              |       |       |       |    12 ||    12
Dodge: Dodged            |    19 |    46 |    63 |    20 ||   148

Levels and vault maps discovered:
D:1:      dpeg_arrival_rhombus, layout_basic, hellmonk_ecumenical_altar_run_dry
D:2:      layout_rooms, serial_shops, shop_fountains, basic_altar,
          nicolae_figureground_sparkle, uniq_jessica
D:3:      layout_basic, uniq_robin, uniq_ijyb
D:4:      layout_basic, general_overflow_altar, minmay_temple_entry_large_hall,
          serial_glass, glass_columns_a, glass_columns_b, uniq_duvessa
D:5:      layout_gridville, bloody_makhleb, enter_ossuary_5
D:6:      layout_basic
D:7:      layout_basic, mumra_transporter_accident, uniq_maggie
D:8:      layout_cave_pools, nicolae_zen_rock_garden, lemuel_old_faithful
Temple:   mainiacjoe_temple_coin_purse

Notes
Turn   | Place    | Note
-------+----------+-------------------------------------------
     0 | D:1      | mcwallace the Formicid Earth Elementalist began the quest
                  | for the Orb.
     0 | D:1      | Reached XP level 1. HP: 13/13 MP: 3/3
     0 | D:1      | magus.rc [v1.9.6]
   225 | D:1      | Found a faded altar of an unknown god.
   311 | D:1      | Reached XP level 2. HP: 20/20 MP: 0/5
   639 | D:2      | Reached skill level 2 in Dodging
   704 | D:2      | Noticed Jessica
   710 | D:2      | Killed Jessica
   711 | D:2      | Reached skill level 1 in Fighting
   711 | D:2      | Reached skill level 4 in Earth Magic
   711 | D:2      | Reached XP level 3. HP: 26/26 MP: 1/6
   761 | D:2      | Learned a level 2 spell: Passwall
   768 | D:2      | Found Usau's General Store.
   776 | D:2      | Found a broken altar of Ashenzari.
   784 | D:2      | Reached XP level 4. HP: 32/32 MP: 3/7
  1098 | D:2      | You fall into a shaft and drop 1 floor!
  1117 | D:3      | Noticed Ijyb
  1133 | D:3      | Killed Ijyb
  1134 | D:3      | Reached skill level 2 in Transmutations
  1572 | D:3      | Reached XP level 5. HP: 38/38 MP: 2/9
  1613 | D:3      | Identified the +7 mace "Hydrabane" {distort, Dex+2}
  1613 | D:3      | Noticed Robin
  1624 | D:3      | Killed Robin
  1837 | D:3      | Reached skill level 3 in Spellcasting
  2006 | D:3      | Reached skill level 2 in Fighting
  2148 | D:3      | You pick up a book of Scorching and begin reading...
  2148 | D:3      | You add the spells Scorch, Flame Wave and Summon Cactus
                  | Giant to your library.
  2440 | D:4      | Noticed Duvessa
  2443 | D:4      | Noticed Dowan
  2548 | D:4      | You pick up a book of Burglary and begin reading...
  2630 | D:4      | Found a glowing golden altar of the Shining One.
  2733 | D:4      | Reached XP level 6. HP: 44/44 MP: 10/10
  2745 | D:4      | Found a staircase to the Ecumenical Temple.
  2792 | Temple   | Entered the Ecumenical Temple
  2860 | Temple   | Became a worshipper of Gozag Ym Sagoz the Greedy
  2879 | D:4      | Killed Dowan
  2905 | D:4      | HP: 9/46 [Duvessa/+0 short sword (5)]
  2911 | D:4      | Killed Duvessa
  2912 | D:4      | Reached skill level 3 in Dodging
  2912 | D:4      | Reached skill level 3 in Transmutations
  2912 | D:4      | Reached skill level 5 in Earth Magic
  3212 | D:5      | Entered Level 5 of the Dungeon
  3263 | D:5      | Noticed a yak
  3263 | D:5      | Noticed a yak
  3276 | D:5      | Killed a yak
  3277 | D:5      | Reached skill level 3 in Fighting
  3277 | D:5      | Reached XP level 7. HP: 48/52 MP: 12/12
  3278 | D:5      | Noticed a yak
  3280 | D:5      | Noticed a yak
  3281 | D:5      | Noticed a yak
  3281 | D:5      | HP: 7/52 [yak (13)]
  3281 | D:5      | Noticed a yak
  3282 | D:5      | Killed a yak
  3283 | D:5      | Reached skill level 4 in Spellcasting
  3658 | D:5      | Reached XP level 8. HP: 58/60 MP: 14/14
  3664 | D:5      | Reached skill level 4 in Transmutations
  3692 | D:5      | HP: 13/60 [centaur/arrow (12)]
  3695 | D:5      | Reached skill level 4 in Fighting
  3695 | D:5      | Reached skill level 6 in Earth Magic
  4130 | D:5      | Reached skill level 4 in Dodging
  4131 | D:5      | Found a burning altar of Makhleb.
  5147 | D:5      | Killed a yak
  5148 | D:5      | Reached skill level 5 in Spellcasting
  5175 | D:4      | Killed a yak
  5176 | D:4      | Reached skill level 5 in Transmutations
  5176 | D:4      | Reached XP level 9. HP: 18/67 MP: 16/16
  5413 | D:4      | Reached skill level 5 in Fighting
  5567 | D:5      | Reached skill level 7 in Earth Magic
  6121 | D:6      | Learned a level 4 spell: Petrify
  6125 | D:6      | Learned a level 3 spell: Stone Arrow
  6371 | D:6      | Identified the +0 cloak of the Skies Above {+Blink MP-9
                  | Int+9 SInv}
  6528 | D:6      | Reached skill level 1 in Armour
  6528 | D:6      | Reached skill level 5 in Dodging
  6689 | D:6      | Reached skill level 1 in Evocations
  7079 | D:6      | You pick up a book of the Senses and begin reading...
  7079 | D:6      | You add the spells Dazzling Flash, Agony and Silence to
                  | your library.
  7469 | D:7      | Reached skill level 1 in Maces & Flails
  7806 | D:7      | Noticed Maggie
  7809 | D:7      | Banished Maggie
  7810 | D:7      | Reached skill level 6 in Transmutations
  8034 | D:7      | Reached skill level 2 in Armour
  8034 | D:7      | Reached skill level 2 in Evocations
  8457 | D:8      | Noticed an unseen horror
  8465 | D:8      | Killed an unseen horror
  8466 | D:8      | Reached skill level 2 in Maces & Flails
  8466 | D:8      | Reached XP level 10. HP: 69/76 MP: 18/18
  8488 | D:8      | Reached skill level 6 in Fighting
  8557 | D:8      | HP: 17/76 [hornet (9)]
  8564 | D:8      | HP: 12/114 [water moccasin (2)]
  8567 | D:8      | Reached skill level 3 in Armour
  8567 | D:8      | Reached skill level 8 in Earth Magic
  8567 | D:8      | Reached skill level 3 in Evocations
  8584 | D:8      | Noticed a two-headed ogre
  8591 | D:8      | HP: 11/114 [centaur/sling bullet (9)]
  8594 | D:8      | Shot with a sling bullet by a centaur

Vanquished Creatures
  An unseen horror (D:8)
  A hornet (D:8)
  6 yaks
  Duvessa (D:4)
  A water moccasin (D:8)
  A black bear (D:6)
  An ice beast (D:8)
  3 ogres (D:5)
  A centaur (D:5)
  3 bullfrogs
  A necrophage (D:4)
  Dowan (D:4)
  A howler monkey (D:6)
  3 hounds
  An orc priest (D:5)
  Jessica (D:2)
  Ijyb (D:3)
  An iguana (D:6)
  3 orc wizards
  Robin (D:3)
  5 adders
  A white imp (D:5)
  A worm (D:2)
  16 orcs
  2 endoplasms
  4 giant cockroaches
  7 goblins
  4 hobgoblins (D:3)
  2 quokkas
  9 ball pythons
  2 frilled lizards
  2 kobolds
  3 rats
91 creatures vanquished.

Table legend:
 A = Non-vault XP
 B = Vault XP
 C = Vault XP percentage of total XP
 D = Non-vault monster count
 E = Vault monster count
 F = Vault count percentage of total count
                 A         B        C        D         E       F
            +---------+---------+-------+---------+---------+-------
      Total |    4209 |     700 |  14.3 |      85 |      14 |  14.1
            +---------+---------+-------+---------+---------+-------
        D:1 |      11 |       0 |   0.0 |       8 |       0 |   0.0
        D:2 |      31 |      37 |  54.4 |      11 |       1 |   8.3
        D:3 |      30 |      66 |  68.8 |      10 |      10 |  50.0
        D:4 |     509 |     208 |  29.0 |      10 |       2 |  16.7
        D:5 |    1603 |       0 |   0.0 |      20 |       0 |   0.0
        D:6 |     422 |       0 |   0.0 |      13 |       0 |   0.0
        D:7 |     400 |     389 |  49.3 |       6 |       1 |  14.3
        D:8 |    1203 |       0 |   0.0 |       7 |       0 |   0.0
            +---------+---------+-------+---------+---------+-------

Illustrated notes

Table legend:
 A = Kills in this place as a percentage of kills in entire the game.
 B = Kills by you in this place as a percentage of kills by you in the entire game.
 C = Kills by friends in this place as a percentage of kills by friends in the entire game.
 D = Other kills in this place as a percentage of other kills in the entire game.
 E = Experience gained in this place as a percentage of experience gained in the entire game.
 F = Experience gained in this place divided by the number of levels of this place that you have seen.
                   A       B       C       D       E      F
               +-------+-------+-------+-------+-------+----------------------
         Total | 100.0 | 100.0 |   N/A | 100.0 | 100.0 | 545.4
       Dungeon | 100.0 | 100.0 |   N/A | 100.0 | 100.0 | 613.6
               +-------+-------+-------+-------+-------+----------------------

Table legend: (Time is in decaauts)
 A = Elapsed time spent in this place.
 B = Non-inter-level travel time spent in this place.
 C = Inter-level travel time spent in this place.
 D = Time resting spent in this place.
 E = Time spent auto-exploring this place.
 F = Levels seen in this place.
 G = Mean time per level.
                   A        B        C        D        E       F      G
               +--------+--------+--------+--------+--------+-----+--------+
         Total |   8645 |   8164 |    481 |   1223 |   5521 |   9 |  960.6 |
       Dungeon |   8567 |   8094 |    473 |   1223 |   5470 |   8 | 1070.9 |
        Temple |     77 |     69 |      8 |      0 |     51 |   1 |   77.0 |
               +--------+--------+--------+--------+--------+-----+--------+

Top non-repeatable levels by time:
     D:5: 2092 daAuts
     D:4: 1629 daAuts
     D:6: 1341 daAuts
     D:3: 1242 daAuts
     D:7: 1014 daAuts
     D:1: 605 daAuts
     D:2: 491 daAuts
     D:8: 149 daAuts
  Temple: 77 daAuts
